 Dungeon Crawl Stone Soup version 0.24.0-123-gd5b16e6ec5 (webtiles) character file.

Game seed: 11120950049843353910, levelgen mode: deterministic

27 vishdafish the Grasshopper (level 3, 0/32 HPs)
             Began as a Naga Warper on Dec 20, 2019.
             Was an Initiate of Elyvilon.
             Succumbed to an adder's poison
             ... on level 2 of the Dungeon.
             The game lasted 00:01:49 (1312 turns).

vishdafish the Grasshopper (Naga Warper)            Turns: 1312, Time: 00:01:50

Health: 0/32       AC:  2    Str: 14    XL:     3   Next: 10%
Magic:  6/6        EV: 15    Int: 13    God:    Elyvilon [......]
Gold:   27         SH:  0    Dex: 15    Spells: 7/7 levels left

rFire    . . .     SeeInvis +   a - +0 hand axe
rCold    . . .     Gourm    .   (no shield)
rNeg     . . .     Faith    .   b - +0 leather armour
rPois    +         Spirit   .   (no helmet)
rElec    .         Reflect  .   (no cloak)
rCorr    .         Harm     .   (no gloves)
MR       .....                  (no barding)
Stlth    ++........             (no amulet)
HPRegen  0.10/turn              (no ring)
MPRegen  0.10/turn              (no ring)

@: agile, lethally poisoned (0 -> -2), flying, very slightly contaminated, very
slow
A: large, see invisible, deformed body, poison resistance, slowness 2, slow
metabolism 1, spit poison 1, AC +1
a: Spit Poison, Renounce Religion


You were on level 2 of the Dungeon.
You worshipped Elyvilon.
Elyvilon was noncommittal.
You were hungry.

You visited 1 branch of the dungeon, and saw 2 of its levels.

You collected 27 gold pieces.

Inventory:

Hand Weapons
 a - a +0 hand axe (weapon)
Missiles
 e - 2 boomerangs of dispersal (quivered)
Armour
 b - a +0 leather armour (worn)
Wands
 m - a wand of clouds (5)
Scrolls
 c - 3 scrolls of identify {unknown}
 d - a scroll of blinking
 h - a scroll of magic mapping {unknown}
 i - a scroll of amnesia {unknown}
 j - a scroll of fear {unknown}
 l - 2 scrolls of teleportation {unknown}
Comestibles
 f - a ration


   Skills:
 + Level 2.3 Fighting
 + Level 2.1 Axes
 - Level 0.8 Throwing
 + Level 0.8 Armour
 + Level 2.0 Dodging
 + Level 2.6 Spellcasting
   Level 3.0 Translocations


You had 7 spell levels left.
You didn't know any spells.
Your spell library contained the following spells:

 Spells                   Type           Power        Failure   Level  Hunger
 Blink                    Tloc           N/A          13%         2    ###....
 Shroud of Golubria       Chrm/Tloc      #.....       24%         2    ###....
 Gell's Gravitas          Tloc           #.........   26%         3    ###....
 Lesser Beckoning         Tloc           #.........   26%         3    ###....
 Teleport Other           Tloc           #.......     26%         3    ###....
 Passage of Golubria      Tloc           N/A          65%         4    #####..


Dungeon Overview and Level Annotations

Branches:
Dungeon (2/15)

Altars:
Elyvilon


Innate Abilities, Weirdness & Mutations

You cannot wear boots.
Your serpentine skin is tough. (AC +1)
You have supernaturally acute eyesight. (SInv)
Armour fits poorly on your strangely shaped body.
Your system is resistant to poisons. (rPois)
You cover ground very slowly.
You have a slow metabolism.
You can spit poison.


Message History

The boomerang of dispersal hits the adder.
The adder blinks!
* * * LOW HITPOINT WARNING * * *
You feel sick.
Found a stone staircase leading down.
It was a potion of flight.
You feel very buoyant.
You fly up into the air.
It was a potion of agility.
You feel agile all of a sudden.
Blink to where?
Press: ? - help, Dir - move target cursor, p - adder You are very lightly contaminated with residual magic.
As you read the scroll of blinking, it crumbles to dust.
* * * LOW HITPOINT WARNING * * *
You feel sick.
There is a white marble altar of Elyvilon here.
You hover solemnly before the altar of Elyvilon.
Elyvilon welcomes you!
You die...

#.........#.#
######.##.#.##...# #...#
#w......#.⌠. ...#
#.##.##.#... >.S#
####.##.##.##.# ..# .
#...........#.# ..#####..
#..#...#####.##.##
#####........ #
##.##...###...###...#........
##...⌠.....@..w..⌠.....$....
#.##...###...###...#........
#.. ##### ##.## #####..###.##
#.## #.# ..... ## #.# ...###
... ....# .⌠. ....# .. #...#
#...## ..


You could see a worm.

Vanquished Creatures
  A dart slug (D:1)
  A leopard gecko (D:1)
  2 giant cockroaches
  7 goblins (D:1)
  2 hobgoblins
  3 bats (D:1)
  A kobold (D:1)
  7 rats
24 creatures vanquished.

Notes
Turn   | Place    | Note
-------+----------+-------------------------------------------
     0 | D:1      | vishdafish the Naga Warper began the quest for the Orb.
     0 | D:1      | Reached XP level 1. HP: 19/19 MP: 3/3
   400 | D:1      | Reached XP level 2. HP: 23/26 MP: 5/5
  1205 | D:2      | Reached XP level 3. HP: 32/32 MP: 6/6
  1287 | D:2      | Found a white marble altar of Elyvilon.
  1305 | D:2      | HP: 1/32 [poisoned by an adder]
  1312 | D:2      | Became a worshipper of Elyvilon the Healer
  1312 | D:2      | Succumbed to an adder's poison

Levels and vault maps discovered:
D:1:      tarquinn_simple_flora_water_e, layout_basic, minivault_24
D:2:      layout_loops_cross, grunt_dithmenos_smoke, lemuel_crystal_altar,
          elyvilon_altar_1, chequers_ecumenical_altar_simple_redux

Skill      XL: |  1  2 |
---------------+-------+-----
Dodging        | 2 |  2.0
Fighting       | |  2.3
Axes           | |  2.1
Throwing       | |  0.8
Armour         | |  0.8
Spellcasting   | |  2.6
Translocations | |  3.0

Action                   || total
-------------------------++-------
Melee: Hand axe          ||    99
Throw: Boomerang         ||     3
  Use: Potion            ||     2
       Scroll            ||     1
Armor: Leather armour    ||    44
Dodge: Dodged            ||    49
